 Dungeon Crawl Stone Soup version 0.30-a0-996-ga6910c8ee8 (webtiles) character file.

Game seed: 10062569573919899894

47 BlueFish the Insei (level 3, -4/23 HPs)
             Began as an Octopode Transmuter on Apr 4, 2023.
             Slain by a hobgoblin (6 damage)
             ... led by Robin
             ... on level 2 of the Dungeon.
             The game lasted 00:01:18 (729 turns).

BlueFish the Insei (Octopode Transmuter)             Turns: 729, Time: 00:01:19

Health: -4/23      AC:  1    Str: 11    XL:     3   Next: 70%
Magic:  6/6        EV: 13    Int: 15    God:
Gold:   72         SH:  0    Dex: 12    Spells: 0/6 levels left

rFire   . . .      SeeInvis .      - Unarmed
rCold   . . .      Faith    .    (no shield)
rNeg    . . .      Spirit   .    (helmet restricted)
rPois   .          Reflect  .    (no amulet)
rElec   .          Rampage  .    (no ring)
rCorr   .                        (no ring)
Will    .....                    (no ring)
Stlth   +++                      (no ring)
HPRegen 0.23/turn                (no ring)
MPRegen 0.10/turn                (no ring)
                                 (no ring)
                                 (no ring)

@: no status effects
A: almost no armour, amphibious, 8 rings, camouflage 1, gelatinous body 1,
(nimble swimmer 1), tentacles
a: no special abilities


You were on level 2 of the Dungeon.
You visited 1 branch of the dungeon, and saw 2 of its levels.

You collected 72 gold pieces.

Inventory:

Missiles
 g - 15 stones
Scrolls
 b - a scroll of identify
 c - a scroll of teleportation {unknown}
 d - a scroll of enchant weapon {unknown}
 i - 2 scrolls of fog
Potions
 a - a potion of lignification
 e - 3 potions of might
 f - a potion of resistance {unknown}
 h - a potion of curing {unknown}


   Skills:
 + Level 1.5 Fighting
 + Level 2.2 Dodging
 * Level 2.6 Stealth
 + Level 3.2 Unarmed Combat
 + Level 2.2 Spellcasting
 + Level 2.2 Transmutations
 * Level 0.0 Poison Magic


You couldn't memorise any spells.
You knew the following spells:

 Your Spells              Type           Power      Damage    Failure   Level
a - Beastly Appendage     Tmut           16%        N/A       9%          1
b - Wereblood             Tmut           8%         N/A       13%         2
c - Spider Form           Tmut/Pois      5%         N/A       38%         3

Your spell library contained the following spells:

 Spells                   Type           Power      Damage    Failure   Level
 Ice Form                 Ice/Tmut       5%         N/A       80%         4
 Freezing Cloud           Conj/Ice/Air   0%         6-21      99%         5
 Simulacrum               Ice/Necr       0%         N/A       100%        6
 Polar Vortex             Ice            0%         N/A       100%        9


Dungeon Overview and Level Annotations

Branches:
Dungeon (2/15)

Altars:

Annotations:
D:2 Natasha, Robin


Innate Abilities, Weirdness & Mutations

You cannot wear most types of armour.
You are amphibious.
You can wear up to eight rings at the same time.
Your skin changes colour to match your surroundings (Stealth+).
Your rubbery body absorbs attacks. (AC +1, EV +1)
((You are camouflaged when in or above water. (Stealth+)))
You have tentacles for arms and can constrict up to eight enemies at once.


Message History

You have reached level 3!
Your experience leads to an increase in your attributes!
Increase (S)trength, (I)ntelligence, or (D)exterity?
You feel stronger. x2
This spell is extremely dangerous to cast!
Memorise Spider Form, consuming 3 spell levels and leaving 0?
You start memorising the spell.
You continue memorising. x3
You finish memorising.
Spell assigned to 'c'.
Your magical contamination has completely faded away.
Magic restored.
HP restored.
A hobgoblin comes into view.
Robin and a goblin come into view. 2 hobgoblins and 4 goblins come into view.
Found 3 stones and a purple potion.
Found a stone staircase leading down. 3 goblins come into view.
The hobgoblin shouts! x3; The goblin shouts! x2; You hear a shout!
The goblin shouts! x2
Robin shouts!
Robin throws the goblin at you!
The goblin shouts! x2
A hobgoblin and Natasha come into view.
Robin throws the goblin at you! The goblin hits you with a +0 club.
You closely miss the goblin. Your grab misses the goblin.
The goblin misses you.
Robin roars a battlecry!
The goblins go into a battle-frenzy!
The goblin hits you but does no damage. Natasha casts a spell at you.
The magic dart hits you!
* * * LOW HITPOINT WARNING * * *
As you read the scroll labelled QIELUT JUCHON, it crumbles to dust.
It is a scroll of identify.
e - 3 potions of might The goblin closely misses you.
The goblin hits you with a +0 club.
* * * LOW HITPOINT WARNING * * *
As you read the scroll labelled HUTA OTWIE, it crumbles to dust.
The scroll dissolves into smoke.
It was a scroll of fog.
The goblin closely misses you. The hobgoblin hits you.
You die...

##....#.........#....#
#...........####...#
#...........####...#
#....#.............#
#.####......#..#####
#. ####.[##...$#
#...#.##.#
#.....##g#####
..##.§g@gg.(.#
#.####.§§§..g.# ..
#.#g.gg...#
#.#...g.g.#
#.#...hgg...
#.....g....
.>!........
###....#.###


You could see Robin, Natasha, 4 hobgoblins and 8 goblins.

Vanquished Creatures
  Natasha (D:2)
  2 endoplasms (D:1)
  3 giant cockroaches (D:1)
  A goblin (D:1)
  2 hobgoblins (D:1)
  4 ball pythons
  2 bats (D:1)
  A frilled lizard (D:2)
  4 kobolds (D:1)
  2 rats (D:1)
22 creatures vanquished.

Notes
Turn   | Place    | Note
-------+----------+-------------------------------------------
     0 | D:1      | BlueFish the Octopode Transmuter began the quest for the
                  | Orb.
     0 | D:1      | Reached XP level 1. HP: 13/13 MP: 3/3
   142 | D:1      | Reached skill level 1 in Stealth
   161 | D:1      | Reached XP level 2. HP: 18/18 MP: 5/5
   164 | D:1      | Learned a level 2 spell: Wereblood
   646 | D:2      | Noticed Natasha
   658 | D:2      | Killed Natasha
   659 | D:2      | Reached XP level 3. HP: 9/23 MP: 3/6
   663 | D:2      | Learned a level 3 spell: Spider Form
   722 | D:2      | Noticed Robin
   726 | D:2      | Noticed Natasha
   729 | D:2      | Slain by a hobgoblin

Illustrated notes

Levels and vault maps discovered:
D:1:      minmay_arrival_arboretum_small, layout_loops_ring
D:2:      layout_rooms, basic_altar, serial_shops, nicolae_diamond_shop,
          minmay_tall_x, uniq_natasha, uniq_robin, uniq_jessica

Skill      XL: |  1  2 |
---------------+-------+-----
Stealth        | 1 2 |  2.6
Fighting       | |  1.5
Dodging        | |  2.2
Unarmed Combat | |  3.2
Spellcasting   | |  2.2
Transmutations | |  2.2

Action                     || total
---------------------------++-------
  Melee: Unarmed           ||    46
         Constrict         ||    10
         Tentacles         ||     5
    Use: Scroll            ||     2
   Stab: Sleeping          ||    11
 Armour: Skin              ||     7
  Dodge: Dodged            ||    23

Table legend: (Time is in decaauts)
 A = Elapsed time spent in this place.
 B = Non-inter-level travel time spent in this place.
 C = Inter-level travel time spent in this place.
 D = Time resting spent in this place.
 E = Time spent auto-exploring this place.
 F = Levels seen in this place.
 G = Mean time per level.
                   A        B        C        D        E       F      G
               +--------+--------+--------+--------+--------+-----+--------+
         Total |    725 |    677 |     48 |      0 |    505 |   2 |  362.5 |
       Dungeon |    725 |    677 |     48 |      0 |    505 |   2 |  362.5 |
               +--------+--------+--------+--------+--------+-----+--------+

Top non-repeatable levels by time:
     D:1: 624 daAuts
     D:2: 101 daAuts
